 Dungeon Crawl Stone Soup version 0.28-a0-1555-g9ae15a6949 (webtiles) character file.

Game seed: 17136085427713560602

527 issech the Cudgeller (level 7, 0/67 HPs)
             Began as a Troll Fighter on Jan 19, 2022.
             Was an Initiate of Okawaru.
             Slain by Duvessa (11 damage)
             ... on level 4 of the Dungeon.
             The game lasted 00:18:14 (3048 turns).

issech the Cudgeller (Troll Fighter)                Turns: 3048, Time: 00:18:15

Health: 0/67       AC: 14    Str: 27    XL:     7   Next: 2%
Magic:  6/6        EV:  1    Int:  7    God:    Okawaru [......]
Gold:   158        SH:  7    Dex:  9    Spells: 6/6 levels left

rFire   + + .      SeeInvis .   a - +0 flail
rCold   + . .      Faith    .   c - +0 kite shield
rNeg    . . .      Spirit   .   e - +0 gold dragon scales of the Flute {*Slow +Inv rPois rF+ rC+ Will+ Int+3}
rPois   +          Reflect  .   (helmet restricted)
rElec   .          Harm     .   (no cloak)
rCorr   .          Rampage  .   (gloves unavailable)
Will    +....                   (boots unavailable)
Stlth   ..........              m - amulet of the acrobat
HPRegen 1.01/turn               r - ring of flight
MPRegen 0.10/turn               v - ring of protection from fire

@: flying, slowed, very slow
A: large, unfitting armour, claws 3, regeneration 1, shaggy fur 1, tough skin 1
a: Renounce Religion, Evoke Invisibility


You were on level 4 of the Dungeon.
You worshipped Okawaru.
Okawaru was noncommittal.
You visited 2 branches of the dungeon, and saw 6 of its levels.

You collected 158 gold pieces.

Inventory:

Hand Weapons
 a - a +0 flail (weapon)
 y - a +0 hunting sling
Missiles
 h - 41 stones
 i - 23 arrows
 j - 57 bolts
 o - 2 boomerangs (quivered)
 q - a throwing net
 u - 2 poisoned darts
Armour
 c - a +0 kite shield (worn)
 d - a +2 robe of willpower
 e - the +0 gold dragon scales of the Flute (worn) {*Slow +Inv rPois rF+ rC+ Will+ Int+3}
   (You acquired it on level 4 of the Dungeon)

   Int:       It affects your intelligence (+3).
   rF:        It protects you from fire.
   rC:        It protects you from cold.
   rPois:     It protects you from poison.
   +Inv:      It lets you turn invisible.
   *Slow:     It may slow you when you take damage.
   Will:      It increases your willpower.
Magical Staves
 x - a staff of poison
Jewellery
 m - an amulet of the acrobat (around neck)
 r - a ring of flight (left claw)
 v - a ring of protection from fire (right claw)
Scrolls
 g - a scroll of amnesia {unknown}
 l - a scroll of silence
 s - a scroll of magic mapping {unknown}
 B - a scroll of enchant weapon {unknown}
 D - a scroll of blinking {unknown}
Potions
 f - a potion of ambrosia {unknown}
 k - a potion of resistance {unknown}
 n - a potion of magic {unknown}
 p - a potion of mutation {unknown}
 w - a potion of heal wounds
 z - 2 potions of curing
 E - a potion of attraction {unknown}


   Skills:
 + Level 3.4 Fighting
 + Level 4.6 Maces & Flails
 + Level 0.6 Armour
 + Level 3.7 Dodging
 + Level 0.6 Stealth
 + Level 3.3 Shields


You had 6 spell levels left.
You didn't know any spells.
Your spell library contained the following spells:

 Spells                   Type           Power      Damage    Failure   Level
 Sublimation of Blood     Necr           0%         N/A       100%        2
 Wereblood                Tmut           0%         N/A       100%        2
 Ozocubu's Armour         Ice            0%         N/A       100%        3
 Passage of Golubria      Tloc           0%         N/A       100%        4
 Yara's Violent Unravell  Hex/Tmut       0%         3d3       100%        5
 Ozocubu's Refrigeration  Ice            0%         4d5       100%        7
 Tukima's Dance           Hex            Unusable   N/A       N/A         3
 Summon Hydra             Summ           Unusable   N/A       N/A         7

Dungeon Overview and Level Annotations

Branches:
Dungeon (5/15)             Temple (1/1) D:4

Altars:
Cheibriados
Dithmenos
Elyvilon
Fedhas
Makhleb
Nemelex Xobeh
Okawaru
Qazlal
Ru
Sif Muna
Trog
Vehumet
Xom
The Shining One

Shops:
D:2 *

Annotations:
D:4 Duvessa


Innate Abilities, Weirdness & Mutations

You are too large for most types of armour.
You have claws for hands.
Your natural rate of healing is unusually fast.
You are covered in fur. (AC +1)
You have tough skin. (AC +1)


Message History

The adder bites you but does no damage.
You closely miss the adder.
The adder is heavily wounded.
The orc hits you with a +0 morningstar! The adder bites you but does no damage.
The orc hits you but does no damage.
You sock the adder!
You kill the adder!
Okawaru accepts your kill. The orc hits you with a +0 morningstar!
You sock the orc!
You kill the orc!
Okawaru accepts your kill. Duvessa hits you with a +0 rapier!!
* * * LOW HITPOINT WARNING * * *
You sock Duvessa!
Duvessa is moderately wounded.
Duvessa hits you but does no damage. x2
You sock Duvessa!
Duvessa is moderately wounded.
Duvessa hits you with a +0 rapier!
* * * LOW HITPOINT WARNING * * *
You feel yourself slow down. You block Duvessa's attack.
You feel much better. Duvessa hits you with a +0 rapier.
* * * LOW HITPOINT WARNING * * *
You block Duvessa's attack.
You barely miss Duvessa.
Duvessa is moderately wounded.
Duvessa hits you with a +0 rapier.
* * * LOW HITPOINT WARNING * * *
You block Duvessa's attack. Duvessa hits you with a +0 rapier.
* * * LOW HITPOINT WARNING * * *
You barely miss Duvessa.
Duvessa is moderately wounded.
Duvessa hits you with a +0 rapier.
* * * LOW HITPOINT WARNING * * *
Duvessa hits you but does no damage. You block Duvessa's attack.
You barely miss Duvessa.
Duvessa is moderately wounded.
Duvessa hits you but does no damage. x2; Duvessa hits you with a +0 rapier!
You die...

######.##..#.########
#......#.........#
#......#.#)#.###.#
#......#.....# #.#
#..>..#...#..# #.#
#.....#...#..# #.#
#.........'..# #.#
#.........##e###.#
#######..).)@....#
############


You could see Duvessa (berserk).

Vanquished Creatures
  Menkaure (D:4)
  Blork the orc (D:4)
  Dowan (D:4)
  3 hounds (D:4)
  A centaur skeleton (D:4)
  Natasha (D:4)
  4 gnolls
  3 adders (D:4)
  A white imp (D:3)
  2 dart slugs (D:1)
  3 orcs (D:4)
  6 endoplasms
  4 giant cockroaches
  3 goblins
  7 hobgoblins
  6 kobolds
  3 quokkas
  8 ball pythons
  5 bats
  4 frilled lizards
  3 rats
70 creatures vanquished.

Vanquished Creatures (others)
  9 plants
9 creatures vanquished.

Grand Total: 79 creatures vanquished

Notes
Turn   | Place    | Note
-------+----------+-------------------------------------------
     0 | D:1      | issech the Troll Fighter began the quest for the Orb.
     0 | D:1      | Reached XP level 1. HP: 22/22 MP: 0/0
   163 | D:1      | Reached XP level 2. HP: 27/29 MP: 1/1
   164 | D:1      | Reached skill level 2 in Maces & Flails
   226 | D:1      | Found a faded altar of an unknown god.
   376 | D:1      | Reached XP level 3. HP: 24/36 MP: 2/2
   827 | D:2      | Found Tathoily's Assorted Antiques.
   835 | D:2      | Found a snail-covered altar of Cheibriados.
   891 | D:2      | Reached XP level 4. HP: 27/44 MP: 3/3
  2139 | D:4      | Noticed Blork the orc
  2140 | D:4      | Found a shimmering altar of Xom.
  2151 | D:4      | Reached skill level 3 in Maces & Flails
  2155 | D:4      | Killed Blork the orc
  2156 | D:4      | Reached XP level 5. HP: 24/53 MP: 4/4
  2246 | D:4      | Noticed Menkaure
  2259 | D:4      | Killed Menkaure
  2260 | D:4      | Reached skill level 4 in Maces & Flails
  2260 | D:4      | Reached XP level 6. HP: 12/61 MP: 5/5
  2465 | D:4      | Found a staircase to the Ecumenical Temple.
  2476 | D:4      | Noticed Natasha
  2486 | D:4      | Killed Natasha
  2551 | Temple   | Entered the Ecumenical Temple
  2730 | Temple   | Became a worshipper of Warmaster Okawaru
  2945 | D:4      | Identified a scroll of acquirement
  2945 | D:4      | Acquired the +0 gold dragon scales of the Flute {*Slow +Inv
                  | rPois rF+ rC+ Will+ Int+3}
  2982 | D:5      | Entered Level 5 of the Dungeon
  2985 | D:5      | Noticed Duvessa
  2986 | D:5      | Noticed Dowan
  3031 | D:4      | Killed Dowan
  3032 | D:4      | Reached XP level 7. HP: 30/67 MP: 6/6
  3044 | D:4      | HP: 1/67 [Duvessa (10)]
  3048 | D:4      | Slain by Duvessa

Illustrated notes

Levels and vault maps discovered:
D:1:      saegor_arrival_simple_a, layout_rooms,
          shapermc_ecumenical_altar_acropolis, grunt_decor_one_mirror
D:2:      layout_basic, serial_shops, nicolae_shop_statue_plus, basic_altar,
          minmay_tetromino_l2
D:3:      layout_basic, serial_park_tiny_pond, nicolae_figureground_pulse
D:4:      layout_basic, xom_teletrap_fun, minmay_temple_entry_overgrown,
          uniq_blork_the_orc, uniq_natasha, uniq_menkaure
D:5:      layout_rooms, serial_shops, nicolae_diamond_shop, uniq_ijyb,
          uniq_grinder, uniq_sigmund, uniq_duvessa, uniq_eustachio
Temple:   nicolae_temple_figure_eight

Skill      XL: |  1  2  3  4  5 |
---------------+----------------+-----
Maces & Flails | 2 3 4 |  4.6
Fighting       | 3 |  3.4
Dodging        | 3 |  3.7
Shields        | 3 |  3.3
Armour         | |  0.6
Stealth        | |  0.6

Action                   |  1- 3 |  4- 6 |  7- 9 || total
-------------------------+-------+-------+-------++-------
Melee: Flail             |   125 |   150 |    16 ||   291
  Use: Potion            |       |     1 |     1 ||     2
       Scroll            |       |     4 |       ||     4
Armor: Robe              |    86 |    39 |       ||   125
       Gold dragon scale |       |    71 |    22 ||    93
Dodge: Dodged            |    84 |    70 |     1 ||   155
Block: Kite shield       |    74 |    69 |    11 ||   154

Table legend: (Time is in decaauts)
 A = Elapsed time spent in this place.
 B = Non-inter-level travel time spent in this place.
 C = Inter-level travel time spent in this place.
 D = Time resting spent in this place.
 E = Time spent auto-exploring this place.
 F = Levels seen in this place.
 G = Mean time per level.
                   A        B        C        D        E       F      G
               +--------+--------+--------+--------+--------+-----+--------+
         Total |   3161 |   3157 |      4 |     77 |   1309 |   6 |  526.8 |
       Dungeon |   2907 |   2903 |      4 |     77 |   1111 |   5 |  581.4 |
        Temple |    253 |    253 |      0 |      0 |    198 |   1 |  253.0 |
               +--------+--------+--------+--------+--------+-----+--------+

Top non-repeatable levels by time:
     D:3: 797 daAuts
     D:2: 711 daAuts
     D:4: 703 daAuts
     D:1: 680 daAuts
  Temple: 253 daAuts
     D:5: 14 daAuts
